 Dungeon Crawl Stone Soup version 0.30.0-17-ge0270778cf (webtiles) character file.

Game seed: 14569810525448285490

492 Hades the Slasher (level 6, -7/55 HPs)
             Began as a Draconian Berserker on May 23, 2023.
             Was a Believer of Trog.
             Mangled by a gnoll sergeant
             ... wielding a +2 spear of freezing
              (13 damage)
             ... on level 5 of the Dungeon.
             The game lasted 00:15:00 (3842 turns).

Hades the Slasher (Draconian Berserker)             Turns: 3842, Time: 00:15:00

Health: -7/55      AC:  6    Str: 22    XL:     6   Next: 91%
Magic:  6/6        EV: 27    Int:  7    God:    Trog [**....]
Gold:   321        SH:  0    Dex: 10    Spells: 5/5 levels left

rFire   . . .        b - +8 demon blade "Leech" {evervamp, Harm Drain rN+}
rCold   . . .        (no shield)
rNeg    + . .        (body armour unavailable)
rPois   .            (helmet restricted)
rElec   .            (no cloak)
rCorr   .            (no gloves)
SInv    .            (no boots)
Will    .....        g - amulet of the acrobat
Stlth   ++           (no ring)
HPRegen 0.29/turn    (no ring)
MPRegen 0.10/turn

%: harm (+30% outgoing, +20% incoming), acrobat
@: on berserk cooldown, acrobatic, slowed, very slow
A: AC +6, unfitting armour, cold-blooded
a: Renounce Religion, Berserk, Trog's Hand


You were on level 5 of the Dungeon.
You worshipped Trog.
Trog was pleased with you.
You visited 1 branch of the dungeon, and saw 5 of its levels.

You collected 321 gold pieces.

Inventory:

Hand Weapons
 a - a +1 falchion
 b - the +8 demon blade "Leech" (weapon) {evervamp, Harm Drain rN+}
   (You acquired it on level 3 of the Dungeon)

   rN:        It protects you from negative energy.
   Drain:     It drains your maximum health when unequipped.
   Harm:      It increases damage dealt and taken.
 d - a +0 morningstar of protection
Armour
 n - a +2 pair of gloves
Jewellery
 g - an amulet of the acrobat (around neck)
 k - a ring of resist corrosion
Scrolls
 c - a scroll of enchant armour
 f - 2 scrolls of vulnerability
 i - 2 scrolls of teleportation
 j - a scroll of amnesia {unknown}
 l - 2 scrolls of magic mapping
Potions
 e - a potion of berserk rage {unknown}
 h - a potion of cancellation {unknown}
 o - 2 potions of resistance {unknown}


   Skills:
 + Level 4.9 Fighting
 + Level 6.1 Long Blades
 + Level 3.9 Dodging
 + Level 1.4 Stealth


You had 5 spell levels left.
You didn't know any spells.
Your spell library was empty.

Dungeon Overview and Level Annotations

Branches:
Dungeon (5/15)
 Temple: D:4-7

Altars:

Shops:
D:1 ?(?:


Innate Abilities, Weirdness & Mutations

Your plain brown scales are hard. (AC +6)
You cannot fit into any form of body armour.
You are cold-blooded and may be slowed by cold attacks.


Message History

Trog accepts your kill.
Trog appreciates your killing of a magic user.
Reactivating autopickup.
You feel a bit more experienced.
You feel yourself speed up.
The orc closely misses you. x2; The gnoll barely misses you. x2
The gnoll sergeant misses you. The orc barely misses you.
You slash the gnoll!
You feel better.
You kill the gnoll!
Trog accepts your kill. The orc barely misses you. x2
The gnoll hits you from afar with a +0 halberd!
The gnoll hits you with a +0 club.
The gnoll sergeant hits you from afar with a +2 spear of freezing!
* * * LOW HITPOINT WARNING * * *
You feel yourself slow down. The gnoll sergeant freezes you.
* * * LOW HITPOINT WARNING * * *
The orc misses you.
You closely miss the orc.
Your tail-slap misses the orc.
The orc hits you with a +0 dagger.
* * * LOW HITPOINT WARNING * * *
The orc closely misses you. The gnoll barely misses you.
The gnoll closely misses you.
The gnoll sergeant hits you but does no damage.
The orc barely misses you. The gnoll attacks as you move away!
The gnoll hits you with a +0 club.
* * * LOW HITPOINT WARNING * * *
You feel yourself speed up.
You are no longer berserk.
You are exhausted.
You feel yourself slow down. The orc completely misses you. x2
The orc attacks as you move away! The orc completely misses you.
The orc attacks as you move away! The orc closely misses you.
The orc completely misses you. The orc attacks as you move away!
The orc hits you with a +0 hand axe.
* * * LOW HITPOINT WARNING * * *
The gnoll hits you with a +0 club.
* * * LOW HITPOINT WARNING * * *
The orc completely misses you. The gnoll sergeant misses you.
The gnoll sergeant hits you from afar with a +2 spear of freezing!
You die...

##..# #...################
+...#..............#
#...'..........<...#
#######'#####+############
.........................#
.........................#
.........................#
..........).@o...........#
+###########gog.)).......#
#o.g.....†....#
#.............#
#########.......#
#.......# #.......+
#.......# #...g...#


You could see a gnoll sergeant, 2 gnolls and 3 orcs.

Vanquished Creatures
  A phantom (D:4)
  A scorpion (D:5)
  A crimson imp (D:4)
  A hound (D:4)
  Crazy Yiuf (D:3)
  A jelly (D:5)
  A sleepcap (D:4)
  2 iguanas (D:4)
  An orc wizard (D:5)
  A gnoll (D:5)
  4 adders
  A white imp (D:4)
  2 worms
  3 dart slugs
  6 orcs
  6 ball pythons
  4 bats
  3 endoplasms (D:2)
  2 giant cockroaches
  4 goblins
  5 hobgoblins
  4 quokkas
  5 frilled lizards
  6 kobolds
  3 rats
69 creatures vanquished.

Notes
Turn   | Place    | Note
-------+----------+-------------------------------------------
     0 | D:1      | Hades the Draconian Berserker began the quest for the Orb.
     0 | D:1      | Reached XP level 1. HP: 19/19 MP: 1/1
    67 | D:1      | Found Voto's Magic Scroll Emporium.
   273 | D:1      | Found Jack's Magic Scroll Shoppe.
   279 | D:1      | Reached XP level 2. HP: 26/26 MP: 2/2
   448 | D:1      | Found Ibbuk's Antique Weapon Shoppe.
   839 | D:1      | Found Caq Dine's Book Shop.
  1227 | D:1      | Reached XP level 3. HP: 11/33 MP: 3/3
  1426 | D:2      | You fall into a shaft and drop 1 floor!
  1538 | D:3      | Identified a scroll of acquirement
  1538 | D:3      | Acquired the +8 demon blade "Leech" {evervamp, Harm Drain
                  | rN+}
  1538 | D:3      | Found the +8 demon blade "Leech" {evervamp, Harm Drain rN+}
  1795 | D:3      | Found a runed translucent door.
  1796 | D:3      | Noticed Crazy Yiuf
  1802 | D:3      | Killed Crazy Yiuf
  1803 | D:3      | Reached skill level 4 in Long Blades
  1803 | D:3      | Reached XP level 4. HP: 9/40 MP: 4/4
  2227 | D:2      | Reached ** piety under Trog
  2841 | D:4      | Reached XP level 5. HP: 46/46 MP: 5/5
  2971 | D:4      | Reached skill level 5 in Long Blades
  3214 | D:4      | Noticed a phantom
  3302 | D:4      | Killed a phantom
  3303 | D:4      | Reached skill level 1 in Stealth
  3303 | D:4      | Reached XP level 6. HP: 29/53 MP: 6/6
  3757 | D:5      | Entered Level 5 of the Dungeon
  3817 | D:5      | Reached skill level 6 in Long Blades
  3842 | D:5      | Mangled by a gnoll sergeant

Illustrated notes

Levels and vault maps discovered:
D:1:      matt_arrival_grand_opening, layout_basic, serial_shops, shop_coins,
          nicolae_shop_trees, shop, shop
D:2:      layout_basic, st_stairs_12, minmay_misc_feat_nine_boxes
D:3:      layout_loops_ring, uniq_crazy_yiuf_cottage
D:4:      layout_gridville, minmay_fire_ice_demons
D:5:      cheibrodos_quashed, layout_gridville, ebering_ghost_disaster_area

Skill      XL: |  1  2  3  4  5  6 |
---------------+-------------------+-----
Dodging        | 3 |  3.9
Fighting       | 4 |  4.9
Long Blades    | 4 5 6 |  6.1
Stealth        | 1 |  1.4

Action                     |  1- 3 |  4- 6 || total
---------------------------+-------+-------++-------
  Melee: Falchion          |    95 |       ||    95
         Tailslap          |    15 |     2 ||    17
         Demon blade       |    33 |    98 ||   131
         Punch             |       |     1 ||     1
 Invoke: Berserk           |       |     1 ||     1
    Use: Scroll            |     8 |     5 ||    13
         Potion            |     3 |     1 ||     4
   Stab: Sleeping          |     1 |       ||     1
 Armour: Skin              |    38 |    35 ||    73
  Dodge: Dodged            |    94 |   156 ||   250
